 Dungeon Crawl Stone Soup version 0.22.1-2-g9c5b331 (webtiles) character file.

3831 whitewolfNL the Basher (level 9, -5/75 HPs)
             Began as a Minotaur Berserker on Dec 2, 2018.
             Was a High Priest of Trog.
             Slain by an ogre
             ... wielding a +0 giant club
              (21 damage)
             ... on level 8 of the Dungeon on Dec 4, 2018.
             The game lasted 00:28:25 (7171 turns).

whitewolfNL the Basher (Minotaur Berserker)         Turns: 7171, Time: 00:28:26

Health: -5/75      AC: 13    Str: 22    XL:     9   Next: 97%
Magic:  10/10      EV: 13    Int:  5    God:    Trog [*****.]
Gold:   342        SH:  0    Dex: 12    Spells: 8/8 levels left

rFire    . . .     SeeInvis .   a - +1 whip (flame)
rCold    . . .     Gourm    .   (no shield)
rNeg     + . .     Faith    .   w - +0 plate armour
rPois    .         Spirit   .   (helmet restricted)
rElec    .         Reflect  .   (no cloak)
rCorr    .         Harm     .   (no gloves)
MR       .....                  (no boots)
Stlth    ..........             (no amulet)
HPRegen  0.22/turn              o - ring of positive energy
MPRegen  0.12/turn              x - +4 ring of evasion

@: berserk cooldown, slowed, very slow
A: retaliatory headbutt, horns 2
a: Berserk, Trog's Hand, Brothers in Arms, Renounce Religion


You were on level 8 of the Dungeon.
You worshipped Trog.
Trog was extremely pleased with you.
You were not hungry.

You visited 1 branch of the dungeon, and saw 8 of its levels.
You also visited: Sewer.

You collected 342 gold pieces.

Inventory:

Hand Weapons
 a - a +1 whip of flaming (weapon)
 k - a +0 flail
 q - a +0 blowgun
Missiles
 l - 98 sling bullets
 m - 26 bolts
 n - 99 arrows
 s - 34 poisoned needles
Armour
 w - a +0 plate armour (worn)
 D - +0 steam dragon scales
Jewellery
 o - a ring of positive energy (left hand)
 v - an uncursed ring of resist corrosion
 x - a +4 ring of evasion (right hand)
Wands
 f - a wand of flame (26)
 u - a wand of enslavement (11)
 F - a wand of iceblast (2)
Scrolls
 d - a scroll of enchant armour {unknown}
 i - 4 scrolls of teleportation
 j - 2 scrolls of blinking
 r - 4 scrolls of magic mapping
 t - 7 scrolls of remove curse
 y - a scroll of enchant weapon {unknown}
 A - 2 scrolls of fear {unknown}
 B - a scroll of fog {unknown}
Potions
 b - 2 potions of ambrosia {unknown}
 e - 4 potions of curing
 h - 4 potions of haste
 p - 3 potions of might
 z - a potion of agility {unknown}
 C - a potion of magic {unknown}
 E - a potion of lignification {unknown}
Comestibles
 c - 9 rations
 g - 18 chunks of flesh


   Skills:
 + Level 6.1 Fighting
 * Level 10.9 Maces & Flails
 - Level 1.8 Throwing
 * Level 8.5 Armour
 * Level 5.8 Dodging
 - Level 4.0 Stealth
 + Level 0.2 Unarmed Combat
 * Level 3.4 Evocations


You had 8 spell levels left.
You didn't know any spells.
Your spell library was empty.

Dungeon Overview and Level Annotations

Branches:
Dungeon (8/15)             Temple (0/1) D:6
   Lair: D:8-11

Altars:
Dithmenos


Innate Abilities, Weirdness & Mutations

You reflexively headbutt those who attack you in melee.
You have a pair of horns on your head.


Message History

a giant club; an ogre skeleton There isn't anything to butcher here.
You see here 4 chunks of flesh.
g - 18 chunks of flesh (gained 4)
The ogre shouts!
A red film seems to cover your vision as you go berserk!
You feel yourself moving faster!
You feel mighty!
You feel a lot more hungry.
You feel a strong urge to attack something.
You feel your anger nearly subside.
You are no longer berserk.
You pass out from exhaustion.
You feel yourself slow down. The ogre hits you with a giant club!!
* * * LOW HITPOINT WARNING * * *
The ogre hits you with a giant club.
* * * LOW HITPOINT WARNING * * *
The ogre barely misses you.
You can move again.
You feel better. The ogre closely misses you. You furiously retaliate!
You headbutt the ogre. The ogre hits you with a giant club!!
You die...

............ ....
##........# ...
.........####.#
.#........#...#
......)))...###
##...†(.......######
H#.#..####.........#
...............O...#
.<....#####.....@..#
.....(#
#####..#######
......# #..)......#
..#...# #.....)...#
.####... #.........#
# #...# #.........#
..# #.........#
.######.........#
......).........#


You could see an ogre.

Vanquished Creatures
  The ghost of marthius the Cleaver, a novice HOBe of Trog (D:6)
  Pikel (D:6)
  Grinder (D:3)
  A hippogriff (D:8)
  A shadow (D:6)
  Sigmund (D:3)
  A hungry ghost (D:6)
  A steam dragon (D:7)
  A phantom (D:4)
  A sky beast (D:5)
  2 ogres
  A centaur (D:7)
  2 big kobolds
  6 bullfrogs
  3 killer bees (D:6)
  A crimson imp (D:5)
  A centaur zombie (D:7)
  3 hounds
  2 jellies
  A centaur skeleton (D:5)
  A bullfrog skeleton (D:5)
  A gnoll shaman (D:8)
  An iguana (D:5)
  Ijyb (D:3)
  Natasha (thrice) (D:2)
  4 worker ants
  7 gnolls
  15 adders
  4 river rats
  An ooze (D:7)
  4 worms
  4 leopard geckos
  4 orcs
  6 giant cockroaches
  5 goblins
  15 hobgoblins
  7 jackals
  3 quokkas
  8 ball pythons
  6 bats
  18 frilled lizards
  14 kobolds
  17 rats
181 creatures vanquished.

Vanquished Creatures (others)
  An adder (D:6)
  A quokka (D:6)
2 creatures vanquished.

Grand Total: 183 creatures vanquished

Notes
Turn   | Place    | Note
-------+----------+-------------------------------------------
     0 | D:1      | whitewolfNL the Minotaur Berserker began the quest for the
                  | Orb.
     0 | D:1      | Reached XP level 1. HP: 19/19 MP: 0/0
   208 | D:1      | Reached skill level 4 in Maces & Flails
   208 | D:1      | Reached XP level 2. HP: 27/27 MP: 1/1
   480 | D:1      | Reached ** piety under Trog
   615 | D:1      | Reached XP level 3. HP: 28/33 MP: 2/2
  1158 | D:2      | Reached XP level 4. HP: 39/40 MP: 3/3
  1283 | D:2      | Reached skill level 1 in Stealth
  1343 | D:2      | Reached skill level 5 in Maces & Flails
  1353 | D:2      | Noticed Natasha
  1363 | D:2      | Killed Natasha
  1790 | D:2      | Reached XP level 5. HP: 44/46 MP: 4/4
  1811 | D:2      | Noticed Natasha
  1822 | D:2      | Killed Natasha
  1824 | D:2      | Noticed Natasha
  1835 | D:2      | Killed Natasha
  2075 | D:3      | Noticed Sigmund
  2087 | D:3      | Killed Sigmund
  2087 | D:3      | Reached skill level 6 in Maces & Flails
  2087 | D:3      | Reached XP level 6. HP: 44/53 MP: 5/5
  2838 | D:3      | Noticed Ijyb
  2865 | D:3      | Killed Ijyb
  3003 | D:3      | Reached *** piety under Trog
  3155 | D:3      | Noticed Grinder
  3169 | D:3      | Paralysed by Grinder for 6 turns
  3178 | D:3      | Paralysed by Grinder for 2 turns
  3181 | D:3      | Killed Grinder
  3181 | D:3      | Reached skill level 1 in Throwing
  3181 | D:3      | Reached XP level 7. HP: 19/60 MP: 6/6
  3619 | D:4      | Reached skill level 5 in Armour
  3619 | D:4      | Reached skill level 1 in Evocations
  3703 | D:4      | Reached skill level 7 in Maces & Flails
  4235 | D:5      | Entered Level 5 of the Dungeon
  4313 | D:5      | Found a shadowy altar of Dithmenos.
  4373 | D:5      | Reached skill level 5 in Fighting
  4373 | D:5      | Reached XP level 8. HP: 64/68 MP: 8/8
  4743 | D:5      | Reached skill level 8 in Maces & Flails
  5124 | D:6      | Found a staircase to the Ecumenical Temple.
  5266 | D:6      | Reached **** piety under Trog
  5295 | D:6      | Found a glowing drain.
  5302 | Sewer    | Entered a sewer
  5805 | D:6      | Noticed Pikel
  5812 | D:6      | Killed Pikel
  5812 | D:6      | Reached skill level 9 in Maces & Flails
  5818 | D:6      | Reached skill level 5 in Dodging
  5818 | D:6      | Reached XP level 9. HP: 66/74 MP: 9/9
  6032 | D:6      | Found a runed door.
  6033 | D:6      | Noticed marthius's ghost (novice HOBe)
  6064 | D:6      | Killed marthius's ghost
  6064 | D:6      | Reached skill level 10 in Maces & Flails
  6074 | D:6      | Found a runed door.
  7134 | D:8      | Reached ***** piety under Trog
  7171 | D:8      | Slain by an ogre

Skill      XL: |  1  2  3  4  5  6  7  8  9 |
---------------+----------------------------+-----
Maces & Flails | 4 5 6 7 9 10 | 10.9
Fighting       | 4 5 6 |  6.1
Armour         | 3 4 5 6 8 |  8.5
Stealth        | 1 2 3 4 |  4.0
Dodging        | 3 4 5 |  5.8
Throwing       | 1 |  1.8
Evocations     | 1 2 3 |  3.4
Unarmed Combat | |  0.2

Action                   |  1- 3 |  4- 6 |  7- 9 || total
-------------------------+-------+-------+-------++-------
Melee: Mace              |    69 |   107 |    13 ||   189
       Headbutt          |     9 |    11 |    63 ||    83
       Flail             |       |       |   184 ||   184
       Whip              |       |       |   112 ||   112
       Unarmed           |       |       |    11 ||    11
Invok: Berserk           |     2 |     5 |    11 ||    18
  Use: Scroll            |       |       |    11 ||    11
       Potion            |       |       |     3 ||     3
 Stab: Sleeping          |       |       |     1 ||     1
  Eat: Chunk             |     3 |    10 |    15 ||    28
       Ration            |       |       |     3 ||     3
Armor: Animal skin       |    12 |       |       ||    12
       Ring mail         |     7 |    26 |       ||    33
       Leather armour    |       |     5 |     1 ||     6
       Chain mail        |       |       |    25 ||    25
       Plate armour      |       |       |   122 ||   122
Dodge: Dodged            |    59 |    66 |   275 ||   400
